 Dungeon Crawl Stone Soup version 0.19.3-4-gbf9329e (webtiles) character file.

329 markt42 the Chopper (level 6, -1/53 HPs)
             Began as a Minotaur Fighter on Jan 28, 2017.
             Was an Initiate of Okawaru.
             Slain by a gnoll
             ... wielding a +0 halberd
              (7 damage)
             ... on level 4 of the Dungeon.
             The game lasted 00:02:24 (2253 turns).

markt42 the Chopper (Minotaur Fighter)              Turns: 2253, Time: 00:02:24

Health: -1/53      AC:  8    Str: 21    XL:     6   Next: 25%
Magic:  5/5        EV:  8    Int:  5    God:    Okawaru [......]
Gold:   190        SH: 10    Dex: 11    Spells: 0 memorised, 5 levels left

rFire  + . .     SeeInvis .     a - +0 war axe
rCold  . . .     Gourm    .     b - +0 scale mail
rNeg   . . .     Faith    .     c - +0 shield
rPois  .         Spirit   .     (helmet restricted)
rElec  .         Reflect  .     h - +0 cloak
rCorr  .         Harm     .     (no gloves)
MR     .....                    (no boots)
Stlth  ..........               (no amulet)
                                (no ring)
                                t - ring of protection from fire

@: no status effects
A: retaliatory headbutt, horns 2
a: Renounce Religion


You were on level 4 of the Dungeon.
You worshipped Okawaru.
Okawaru was noncommittal.
You were not hungry.

You visited 2 branches of the dungeon, and saw 5 of its levels.

You collected 190 gold pieces.

Inventory:

Hand Weapons
 a - a +0 war axe (weapon)
Armour
 b - a +0 scale mail (worn)
 c - a +0 shield (worn)
 h - a +0 cloak (worn)
Jewellery
 t - a ring of protection from fire (left hand)
Scrolls
 e - 4 scrolls of fog {unknown}
 i - 2 scrolls of recharging {unknown}
 j - 8 scrolls of identify {unknown}
 l - 3 scrolls of blinking {unknown}
 n - 3 scrolls of teleportation {unknown}
 r - 2 scrolls of noise {unknown}
 u - a scroll of enchant armour {unknown}
 v - a scroll of fear {unknown}
 w - a scroll of enchant weapon {unknown}
Potions
 d - 2 potions of might
 p - a potion of flight {unknown}
 x - a potion of agility {unknown}
Comestibles
 f - 5 bread rations
 g - a chunk of flesh
 k - 2 beef jerkies
 m - 3 fruits
 q - a meat ration


   Skills:
 * Level 4.3 Fighting
 * Level 5.8 Axes
 + Level 4.2 Armour
 + Level 1.6 Dodging
 + Level 5.1 Shields


You had 5 spell levels left.
You didn't know any spells.

Dungeon Overview and Level Annotations

Branches:
Dungeon (4/15)             Temple (1/1) D:4

Altars:
Ashenzari
Cheibriados
Dithmenos
Elyvilon
Fedhas
Gozag
Hepliaklqana
Okawaru
Ru
Sif Muna
Trog
Uskayaw
Vehumet
Yredelemnul
The Shining One


Innate Abilities, Weirdness & Mutations

You reflexively headbutt those who attack you in melee.
You have a pair of horns on your head.


Message History

The frilled lizard hisses angrily.
You slash the frilled lizard!
You kill the frilled lizard!
Okawaru accepts your kill.
You hit the frilled lizard.
You kill the frilled lizard!
Okawaru accepts your kill.
No target in view!
No target in view!
A gnoll comes into view. It is wielding a halberd.
The gnoll shouts!
The gnoll closely misses you. You block the gnoll's attack.
You completely miss the gnoll. Your headbutt misses the gnoll.
The gnoll hits you with a halberd!
* * * LOW HITPOINT WARNING * * *
You are too injured to fight recklessly!
Okay, then.
The gnoll hits you from afar with a halberd!
You die...

##.#...........##.####.......#
#.#.......######.# #.......#
##.#.....[....###.####.......#
.#.#..........#.........######
.#.#..........#.#.......#
...#..........#.#########
.###.###....###.....$... .#
#.# #....# #..####### .# #.#
###### ##@# .# #.### #..#
.###.#<# #..g.# ..##.#.#
#....# ..##.#.# #.....#
.[##.#.# #....## P).....#
#.... .###.#.# #..##
.###.#######.#


You could see a gnoll.

Vanquished Creatures
  A bullfrog skeleton (D:4)
  A hound (D:4)
  2 orc priests (D:4)
  Jessica (D:3)
  2 orc wizards (D:4)
  4 adders
  An ooze (D:1)
  3 worms
  A dart slug (D:1)
  2 leopard geckos
  7 orcs
  3 ball pythons
  5 giant cockroaches
  10 goblins
  6 hobgoblins
  10 kobolds
  7 bats
  5 frilled lizards
  15 rats
86 creatures vanquished.

Notes
Turn   | Place    | Note
-------+----------+-------------------------------------------
     0 | D:1      | markt42 the Minotaur Fighter began the quest for the Orb.
     0 | D:1      | Reached XP level 1. HP: 19/19 MP: 0/0
   188 | D:1      | Reached XP level 2. HP: 25/27 MP: 1/1
   510 | D:1      | Reached XP level 3. HP: 32/33 MP: 2/2
  1418 | D:3      | Noticed Jessica
  1423 | D:3      | Killed Jessica
  1423 | D:3      | Reached XP level 4. HP: 40/40 MP: 3/3
  1951 | D:4      | Found a staircase to the Ecumenical Temple.
  1966 | D:4      | Reached skill level 1 in Dodging
  1966 | D:4      | Reached XP level 5. HP: 22/46 MP: 4/4
  2003 | Temple   | Entered the Ecumenical Temple
  2013 | Temple   | Became a worshipper of Warmaster Okawaru
  2037 | D:4      | Reached skill level 5 in Shields
  2045 | D:4      | Reached skill level 5 in Axes
  2177 | D:4      | Reached XP level 6. HP: 21/52 MP: 5/5
  2253 | D:4      | Slain by a gnoll

Skill      XL: |  1  2  3  4  5 |
---------------+----------------+-----
Shields        | 4 5 |  5.1
Axes           | 4 5 |  5.8
Fighting       | 4 |  4.3
Armour         | 4 |  4.2
Dodging        | 1 |  1.6

Action                   |  1- 3 |  4- 6 || total
-------------------------+-------+-------++-------
Melee: War axe           |    90 |    96 ||   186
       Headbutt          |     9 |    10 ||    19
  Use: Potion            |       |     2 ||     2
  Eat: Chunk             |     2 |     3 ||     5
Armor: Scale mail        |    47 |    52 ||    99
Dodge: Dodged            |    29 |    27 ||    56
Block: Shield            |    46 |    50 ||    96
